 Dungeon Crawl Stone Soup version 0.24-a0-412-ge138f7edaf (webtiles) character file.

Game seed: 319657509391137272

220 Inarius the Firebug (level 5, -1/29 HPs)
             Began as a Deep Elf Fire Elementalist on June 6, 2019.
             Killed themself with a badly aimed fireball (11 damage)
             ... on level 3 of the Dungeon.
             The game lasted 00:04:29 (2792 turns).

Inarius the Firebug (Deep Elf Fire Elementalist)    Turns: 2792, Time: 00:04:30

Health: -1/29      AC:  2    Str:  5    XL:     5   Next: 64%
Magic:  3/13       EV: 14    Int: 21    God:
Gold:   52         SH:  0    Dex: 15    Spells: 6/12 levels left

rFire    . . .     SeeInvis .   b - +0 spear
rCold    . . .     Gourm    .   (no shield)
rNeg     . . .     Faith    .   a - +0 robe
rPois    .         Spirit   .   (no helmet)
rElec    .         Reflect  .   (no cloak)
rCorr    .         Harm     .   (no gloves)
MR       .....                  (no boots)
Stlth    ++........             (no amulet)
HPRegen  0.09/turn              (no ring)
MPRegen  0.13/turn              (no ring)

@: no status effects
A: no striking features
a: no special abilities


You were on level 3 of the Dungeon.
You were hungry.

You visited 1 branch of the dungeon, and saw 3 of its levels.

You collected 52 gold pieces.

Inventory:

Hand Weapons
 b - a +0 spear (weapon)
Armour
 a - a +0 robe (worn)
Wands
 m - a wand of random effects (15)
Scrolls
 e - a scroll of enchant weapon {unknown}
 f - a scroll of enchant armour {unknown}
 g - a scroll of remove curse {unknown}
 i - 2 scrolls of identify {unknown}
 j - a scroll of magic mapping
 k - a scroll of fear {unknown}
 n - a scroll of immolation {unknown}
Comestibles
 c - 2 rations
 d - 3 chunks of flesh


   Skills:
 * Level 1.2 Fighting
 * Level 3.4 Dodging
 - Level 2.4 Stealth
 + Level 4.3 Spellcasting
 + Level 2.8 Conjurations
 * Level 5.0 Fire Magic


You had 6 spell levels left.
You knew the following spells:

 Your Spells              Type           Power        Failure   Level  Hunger
a - Flame Tongue          Conj/Fire      ###..        2%          1    None
b - Throw Flame           Conj/Fire      ###...       3%          2    #......
c - Conjure Flame         Conj/Fire      ###.....     7%          3    ##.....

Your spell library contained the following spells:

 Spells                   Type           Power        Failure   Level  Hunger
 Inner Flame              Hex/Fire       ###.....     13%         3    ##.....
 Sticky Flame             Conj/Fire      ###.....     22%         4    ####...
 Fireball                 Conj/Fire      ###.......   54%         5    ######.


Dungeon Overview and Level Annotations

Branches:
Dungeon (3/15)

Altars:


Message History

Confirm with . or Enter, or press ? or * to list all spells.
You can't see any susceptible monsters within range! (Use Z to cast anyway.) Unknown command.
Unknown command.
Evoke which item? (* to show all) (? for menu, Esc to quit)
Aiming: Random Effects
Press: ? - help, Shift-Dir - straight line Nothing appears to happen.
Something hits you but does no damage.
You hear some strange, mumbled words.
A puff of frost appears from out of thin air!
The puff of frost misses you.
Unknown command.
Unknown command.
Evoke which item? (* to show all) (? for menu, Esc to quit)
Aiming: Random Effects
Press: ? - help, Shift-Dir - straight line The fireball explodes!
The fireball engulfs something!
Reactivating autopickup.
You feel a bit more experienced. The fireball engulfs you!
You die...

*,* #.*
**##.##########***********
,,............#*,,,,,,,,,*
,,............#*,,,,,,,,,********
......#.......+,,,,,,,,,,,,,,,,,,
..............#*********#########
..............###########.......#
......##..>.÷.))@...............#
......#.).....#######.##..÷.....#
......#.#.##### #.##.#####+##
......#.g.### #....# *,,*
***#........# ####.# **,*
#........# #.# *,* #........#
###.### *,* #....÷...# #.....#
*,, #........# #...### **,


There were no monsters in sight!

Vanquished Creatures
  An orc priest (D:2)
  3 orc wizards
  5 adders
  An adder zombie (D:2)
  2 worms
  4 dart slugs
  2 leopard geckos (D:2)
  4 orcs
  6 bats
  6 giant cockroaches
  3 hobgoblins
  4 jackals (D:1)
  2 quokkas
  4 frilled lizards
  7 goblins
  2 kobolds
  2 rats (D:2)
58 creatures vanquished.

Notes
Turn   | Place    | Note
-------+----------+-------------------------------------------
     0 | D:1      | Inarius the Deep Elf Fire Elementalist began the quest for
                  | the Orb.
     0 | D:1      | Reached XP level 1. HP: 10/10 MP: 6/6
   260 | D:1      | Reached XP level 2. HP: 10/15 MP: 2/8
  1003 | D:1      | Reached skill level 4 in Fire Magic
  1115 | D:2      | Reached XP level 3. HP: 18/19 MP: 1/9
  1395 | D:2      | Learned a level 2 spell: Throw Flame
  1399 | D:2      | Learned a level 3 spell: Conjure Flame
  1689 | D:2      | Reached XP level 4. HP: 20/24 MP: 8/11
  2357 | D:2      | Reached skill level 1 in Fighting
  2452 | D:2      | Reached XP level 5. HP: 19/29 MP: 7/13
  2789 | D:3      | Reached skill level 5 in Fire Magic
  2792 | D:3      | Killed themself with a badly aimed fireball

Levels and vault maps discovered:
D:1:      minmay_arrival_cross, layout_basic, minmay_misc_feat_hallway,
          minmay_misc_feat_secret_circle
D:2:      layout_basic
D:3:      layout_basic, portal_sewer_entry_a

Skill      XL: |  1  2  3  4  5 |
---------------+----------------+-----
Fire Magic     | 4 5 |  5.0
Dodging        | 3 |  3.4
Fighting       | 1 |  1.2
Spellcasting   | 4 |  4.3
Conjurations   | 2 |  2.8
Stealth        | |  2.4

Action                   |  1- 3 |  4- 6 || total
-------------------------+-------+-------++-------
Melee: Spear             |    15 |    10 ||    25
 Cast: Flame Tongue      |    55 |    56 ||   111
       Throw Flame       |       |     2 ||     2
Evoke: Wand              |       |     1 ||     1
  Use: Potion            |       |     2 ||     2
       Scroll            |       |     1 ||     1
 Stab: Sleeping          |     1 |     1 ||     2
       Distracted        |       |     1 ||     1
  Eat: Chunk             |     2 |     3 ||     5
Armor: Robe              |     6 |     8 ||    14
Dodge: Dodged            |    32 |    34 ||    66

Table legend:
 A = Non-vault XP
 B = Vault XP
 C = Vault XP percentage of total XP
 D = Non-vault monster count
 E = Vault monster count
 F = Vault count percentage of total count
                 A         B        C        D         E       F
            +---------+---------+-------+---------+---------+-------
      Total |     313 |       2 |   0.6 |      57 |       1 |   1.7
            +---------+---------+-------+---------+---------+-------
        D:1 |      55 |       0 |   0.0 |      19 |       0 |   0.0
        D:2 |     165 |       0 |   0.0 |      27 |       0 |   0.0
        D:3 |      93 |       2 |   2.1 |      11 |       1 |   8.3
            +---------+---------+-------+---------+---------+-------
